 Dungeon Crawl Stone Soup version 0.29-a0-334-gb41bcbb86e (webtiles) character file.

Game seed: 8659253100700577600

1499 jlumianski the Vandal (level 8, 0/61 HPs)
             Began as a Demonspawn Fighter on Apr 14, 2022.
             Killed by divine providence
             ... invoked by an orc priest
              (11 damage)
             ... on level 6 of the Dungeon.
             The game lasted 00:24:29 (6355 turns).

jlumianski the Vandal (Demonspawn Fighter)          Turns: 6355, Time: 00:24:29

Health: 0/61       AC: 14    Str: 19    XL:     8   Next: 52%
Magic:  8/8        EV: 11    Int: 13    God:
Gold:   126        SH:  5    Dex: 18    Spells: 7/7 levels left

rFire   + . .      SeeInvis .   a - +0 war axe
rCold   . . .      Faith    .   c - +0 buckler
rNeg    . . .      Spirit   .   s - +3 ring mail
rPois   .          Reflect  .   (helmet restricted)
rElec   +          Harm     .   (no cloak)
rCorr   .          Rampage  +   C - +0 pair of gloves
Will    .....                   w - +0 pair of boots {rampage}
Stlth   +.........              (no amulet)
HPRegen 0.20/turn               y - ring "Ygupiuku" {rElec rF+ Int+3}
MPRegen 0.11/turn               D - +6 ring of dexterity

@: studying Slings
A: horns 1, slimy green scales 2, demonic magic 1
a: no special abilities


You were on level 6 of the Dungeon.
You visited 1 branch of the dungeon, and saw 6 of its levels.

You collected 252 gold pieces.
You spent 126 gold pieces at shops.

Inventory:

Hand Weapons
 a - a +0 war axe (weapon)
 n - a +0 hunting sling
 o - a +1 dagger of venom
Missiles
 g - 128 stones (quivered)
 i - 28 poisoned darts
 x - 3 curare-tipped darts
Armour
 b - a +0 scale mail
 c - a +0 buckler (worn)
 s - a +3 ring mail (worn)
 w - a +0 pair of boots of rampaging (worn)
 C - a +0 pair of gloves (worn)
Magical Staves
 f - a staff of death
 j - a staff of earth
Jewellery
 q - a ring of positive energy
 v - a ring of ice
 y - the ring "Ygupiuku" (left hand) {rElec rF+ Int+3}
   (You took it off a kobold on level 4 of the Dungeon)

   [ring of protection from fire]

   Int:       It affects your intelligence (+3).
   rF:        It protects you from fire.
   rElec:     It insulates you from electricity.
 D - a +6 ring of dexterity (right hand)
Wands
 r - a wand of polymorph (2)
Scrolls
 m - a scroll of fog
 p - a scroll of noise
 t - 2 scrolls of blinking
 F - 3 scrolls of teleportation
Potions
 d - 2 potions of attraction
 e - 2 potions of haste
 h - 3 potions of curing
 k - a potion of brilliance
 l - 3 potions of heal wounds
 u - a potion of flight
 z - a potion of berserk rage
 A - a potion of cancellation {unknown}
 B - a potion of lignification {unknown}
 E - a potion of mutation {unknown}


   Skills:
 + Level 4.6 Fighting
 + Level 6.2 Axes
 * Level 6.3 Slings
 + Level 4.7 Armour
 + Level 1.9 Dodging
 + Level 0.3 Stealth
 + Level 3.6 Shields


You had 7 spell levels left.
You didn't know any spells.
Your spell library contained the following spells:

 Spells                   Type           Power      Damage    Failure   Level
 Magic Dart               Conj           0%         1d3       56%         1
 Call Imp                 Summ           0%         N/A       71%         2
 Static Discharge         Conj/Air       0%         N/A       71%         2
 Mephitic Cloud           Conj/Pois/Air  0%         N/A       90%         3
 Dispel Undead            Necr           0%         3d6       100%        4
 Sticky Flame             Conj/Fire      0%         2d3       100%        4


Dungeon Overview and Level Annotations

Branches:
Dungeon (6/15)
 Temple: D:4-7

Altars:
Elyvilon
Kikubaaqudgha
Makhleb
Yredelemnul

Shops:
D:5 *


Innate Abilities, Weirdness & Mutations

You have a pair of small horns on your head.
You are mostly covered in slimy green scales. (AC +3)
Spells you cast may paralyse adjacent enemies.


Message History

z - a potion of berserk rage
Found a plate armour.
Found a stone staircase leading down.
An orc comes into view. It is wielding a +0 mace.
The orc shouts!
You hear a shout!
An orc priest comes into view. It is wielding a +0 trident.
An orc priest comes into view. It is wielding a +0 dagger.
The orc priest shouts! x2
The orc priest moves out of view.
An orc comes into view. It is wielding a +0 mace.
An orc priest comes into view. It is wielding a +0 whip.
The orc priest shouts!
The orc shouts!
You hit the orc.
The orc is moderately wounded.
The orc barely misses you.
You hit the orc but do no damage.
The orc is moderately wounded.
The orc barely misses you.
You hit the orc.
You kill the orc!
The orc priest hits you with a +0 dagger.
You barely miss the orc priest.
The orc priest mumbles some strange prayers to Beogh against you.
Beogh smites you! The orc priest barely misses you.
You hit the orc priest.
The orc priest is lightly wounded.
The orc priest casts a cantrip, but nothing happens.
The orc priest hits you but does no damage.
You hit the orc priest. You headbutt the orc priest.
The orc priest is moderately wounded.
The orc priest calls down the wrath of Beogh upon you.
Beogh smites you!
The orc priest invokes the aid of Beogh against you.
Pain shoots through your body!
The orc priest hits you from afar with a +0 trident.
The orc priest calls down the wrath of Beogh upon you.
Beogh smites you!
* * * LOW HITPOINT WARNING * * *
The orc priest invokes the aid of Beogh against you.
Beogh smites you!
You die...

........#<#####
###)..†...###
#.....##....#
#.....##..#.#
#.....#####.#
#...#.......#
.....#..######
###...#.......#
....##@####.#
#..# ##o# #)$#
##o# o. [>+ ..#
..#


You could see 3 orc priests.

Vanquished Creatures
  A water moccasin (D:5)
  Duvessa (D:4)
  2 black bears (D:5)
  A sky beast (D:5)
  A phantom (D:4)
  A kobold brigand (D:4)
  A necrophage (D:5)
  4 scorpions
  Dowan (D:4)
  A howler monkey (D:5)
  2 hounds
  A gnoll shaman (D:5)
  3 iguanas (D:4)
  3 orc wizards (D:4)
  6 gnolls
  7 adders
  A worm (D:3)
  7 dart slugs
  4 orcs
  9 ball pythons
  6 endoplasms
  2 giant cockroaches
  7 hobgoblins
  12 jackals
  6 quokkas
  2 bats
  2 frilled lizards
  9 goblins
  29 kobolds
  5 rats
137 creatures vanquished.

Vanquished Creatures (others)
  34 plants (D:4)
34 creatures vanquished.

Grand Total: 171 creatures vanquished

Notes
Turn   | Place    | Note
-------+----------+-------------------------------------------
     0 | D:1      | jlumianski the Demonspawn Fighter began the quest for the
                  | Orb.
     0 | D:1      | Reached XP level 1. HP: 18/18 MP: 1/1
   130 | D:1      | Gained mutation: You are partially covered in slimy green
                  | scales. (AC +2) [demonic ancestry]
   130 | D:1      | Reached XP level 2. HP: 16/24 MP: 2/2
   596 | D:1      | Reached XP level 3. HP: 25/29 MP: 3/3
  1036 | D:1      | Found a faded altar of an unknown god.
  1905 | D:2      | Reached XP level 4. HP: 30/35 MP: 4/4
  3048 | D:3      | Reached XP level 5. HP: 38/41 MP: 5/5
  3132 | D:3      | Reached skill level 1 in Slings
  3135 | D:3      | Found a basalt altar of Yredelemnul.
  3644 | D:5      | Entered Level 5 of the Dungeon
  3644 | D:5      | Found Luusiome's General Store.
  3657 | D:4      | Gained mutation: You have a pair of small horns on your
                  | head. [demonic ancestry]
  3657 | D:4      | Reached XP level 6. HP: 33/48 MP: 6/6
  4022 | D:5      | Bought a +0 pair of boots of rampaging for 126 gold pieces
  4126 | D:4      | Gained mutation: You are mostly covered in slimy green
                  | scales. (AC +3) [demonic ancestry]
  4126 | D:4      | Reached XP level 7. HP: 51/54 MP: 7/7
  4160 | D:4      | Noticed Duvessa
  4162 | D:4      | Noticed Dowan
  4164 | D:4      | Found a burning altar of Makhleb.
  4185 | D:4      | Reached skill level 1 in Dodging
  4290 | D:4      | Killed Dowan
  4448 | D:4      | Killed Duvessa
  4449 | D:4      | Reached skill level 5 in Slings
  4764 | D:4      | Reached skill level 5 in Axes
  5141 | D:4      | Identified the ring "Ygupiuku" {rElec rF+ Int+3}
  5905 | D:5      | Gained mutation: Spells you cast may paralyse adjacent
                  | enemies. [demonic ancestry]
  5905 | D:5      | Reached XP level 8. HP: 53/61 MP: 8/8
  6060 | D:5      | Found an ancient bone altar of Kikubaaqudgha.
  6355 | D:6      | Killed from afar by an orc priest

Illustrated notes

Levels and vault maps discovered:
D:1:      psy_arrival_terrarium, layout_basic,
          shapermc_ecumenical_altar_hornbeckon
D:2:      layout_loops_corners
D:3:      layout_rooms, marbit_many_paths
D:4:      kennysheep_kobold_camp, layout_basic,
          mainiacjoe_overflow_surrounded_room, uniq_duvessa
D:5:      lemuel_ice_spiral_2, layout_rooms,
          mainiacjoe_overflow_concentric_impassable,
          nicolae_overflow_crystal_walls, serial_shops, nicolae_stop_n_shop_2
D:6:      layout_basic

Skill      XL: |  1  2  3  4  5  6  7  8 |
---------------+-------------------------+-----
Axes           | 2 3 4 5 6 |  6.2
Armour         | 3 4 |  4.7
Shields        | 3 |  3.6
Slings         | 3 4 5 6 |  6.3
Fighting       | 4 |  4.6
Dodging        | 1 |  1.9
Stealth        | |  0.3

Action                   |  1- 3 |  4- 6 |  7- 9 || total
-------------------------+-------+-------+-------++-------
Melee: War axe           |   113 |   136 |   196 ||   445
       Headbutt          |       |     6 |    42 ||    48
       Unarmed           |       |       |     4 ||     4
 Fire: Hunting sling     |       |    47 |    19 ||    66
  Use: Scroll            |     4 |     4 |     5 ||    13
       Potion            |     2 |     1 |     1 ||     4
Armor: Scale mail        |    58 |    32 |       ||    90
       Ring mail         |       |    51 |   103 ||   154
       Skin              |       |       |     4 ||     4
Dodge: Dodged            |    53 |    71 |   108 ||   232
Block: Buckler           |    30 |    33 |    47 ||   110

Table legend: (Time is in decaauts)
 A = Elapsed time spent in this place.
 B = Non-inter-level travel time spent in this place.
 C = Inter-level travel time spent in this place.
 D = Time resting spent in this place.
 E = Time spent auto-exploring this place.
 F = Levels seen in this place.
 G = Mean time per level.
                   A        B        C        D        E       F      G
               +--------+--------+--------+--------+--------+-----+--------+
         Total |   6526 |   6412 |    114 |   1173 |   3026 |   6 | 1087.7 |
       Dungeon |   6526 |   6412 |    114 |   1173 |   3026 |   6 | 1087.7 |
               +--------+--------+--------+--------+--------+-----+--------+

Top non-repeatable levels by time:
     D:4: 2157 daAuts
     D:2: 1723 daAuts
     D:1: 1091 daAuts
     D:5: 795 daAuts
     D:3: 708 daAuts
     D:6: 50 daAuts
